TOP OF THE 1ST |
Rocky Mount Leafs batting - Pitching for Kinston Eagles : RHP Adriano Calhau
|
Pitching: RHP Adriano Calhau
|
|
Batting: LHB Oscar Ramirez
|
0-0: Ball 1-0: DOUBLE (Flyball, 7LD, EV 101.3 MPH)
|
Batting: RHB Alex Sanchez
|
0-0: Fly out, F9 (Flyball, 9LM, EV 80.6 MPH)
|
Batting: LHB Larry Ray
|
0-0: Ball 1-0: Ball 2-0: Ball 3-0: Base on Balls
|
Batting: RHB Joseph Scherger
|
0-0: Called Strike 0-1: Ball 1-1: Ball 2-1: Foul Ball, location: 2F 2-2: Foul Ball, location: 2F 2-2: Ball 3-2: Foul Ball, location: 2F 3-2: Foul Ball, location: 2F 3-2: Foul Ball, location: 2F 3-2: Fielders Choice at 2nd, 3-6 (Groundball, 3, EV 88.1 MPH) Oscar Ramirez to third
|
Batting: RHB Glen Bockhorn
|
0-0: Called Strike 0-1: Swinging Strike 0-2: Ball 1-2: Ball 2-2: Foul Ball, location: 2F 2-2: Ball 3-2: Strikes out swinging
|
Top of the 1st over - 0 runs, 1 hit, 0 errors, 2 left on base; Rocky Mount 0 - Kinston 0 |
BOTTOM OF THE 1ST |
Kinston Eagles batting - Pitching for Rocky Mount Leafs : RHP Luis Machado
|
Pitching: RHP Luis Machado
|
|
Batting: LHB Jeffrey Wilson
|
0-0: Foul Ball, location: 2F 0-1: Ball 1-1: Foul Ball, location: 2F 1-2: Ball 2-2: SINGLE (Line Drive, 56, EV 97.5 MPH)
|
Batting: RHB Butch Davis
|
0-0: Foul Ball, location: 2F 0-1: Called Strike 0-2: Ball 1-2: TRIPLE (Flyball, 78XD, EV 93.8 MPH) Jeffrey Wilson scores
|
Batting: RHB Carlos Ponce
|
0-0: Called Strike 0-1: Swinging Strike 0-2: Ball 1-2: Strikes out swinging
|
Batting: RHB Tony Incaviglia
|
0-0: Ball 1-0: Swinging Strike 1-1: Foul Ball, location: 2F 1-2: Ball 2-2: Strikes out swinging
|
Batting: RHB Juan Perez
|
0-0: Ball 1-0: Ball 2-0: Ball 3-0: Base on Balls
|
Batting: RHB Alfredo Aceves
|
0-0: Ball 1-0: Ball 2-0: Called Strike 2-1: Foul Ball, location: 2F 2-2: Strikes out swinging
|
Bottom of the 1st over - 1 run, 2 hits, 0 errors, 2 left on base; Rocky Mount 0 - Kinston 1 |
TOP OF THE 2ND |
Rocky Mount Leafs batting - Pitching for Kinston Eagles : RHP Adriano Calhau
|
Batting: RHB Sergio Loya
|
0-0: Ball 1-0: Called Strike 1-1: Called Strike 1-2: Reached on error, E9 (Flyball, 9LM, EV 80.6 MPH)
|
Batting: RHB Ricardo Villasenor
|
0-0: Ball 1-0: Ball 2-0: Ball 3-0: Called Strike 3-1: Base on Balls Sergio Loya to second
|
Batting: RHB Todd Cruz
|
0-0: Foul Ball, location: 2F 0-1: Fly out, F6 (Popup, 6D, EV 51.3 MPH)
|
Batting: RHB Emmanuel Sanchez
|
0-0: Swinging Strike 0-1: Foul Ball, location: 2F 0-2: Ball 1-2: Ball 2-2: Foul Ball, location: 2F 2-2: Strikes out swinging
|
Batting: LHB Oscar Ramirez
|
0-0: Fly out, F7 (Flyball, 78S, EV 88.8 MPH)
|
Top of the 2nd over - 0 runs, 0 hits, 1 error, 2 left on base; Rocky Mount 0 - Kinston 1 |
BOTTOM OF THE 2ND |
Kinston Eagles batting - Pitching for Rocky Mount Leafs : RHP Luis Machado
|
Batting: RHB Guadalupe Garcia
|
0-0: SINGLE (Line Drive, 5D, EV 100.0 MPH)
|
Batting: LHB Randall Curtis
|
0-0: Ball Guadalupe Garcia is caught stealing 2nd base 2-6 1-0: Foul Ball, location: 2F 1-1: SINGLE (Groundball, 6D, EV 94.4 MPH)
|
Batting: RHB Jose Valdez
|
0-0: Ball 1-0: Called Strike Randall Curtis steals 2nd base 1-1: Ball 2-1: Ground out U3 (Groundball, 3, EV 81.9 MPH) Randall Curtis to third
|
Batting: LHB Jeffrey Wilson
|
0-0: Called Strike 0-1: Called Strike 0-2: Foul Ball, location: 2F 0-2: Ball 1-2: Ball 2-2: Ball 3-2: Ground out 6-3 (Groundball, 6, EV 106.3 MPH)
|
Bottom of the 2nd over - 0 runs, 2 hits, 0 errors, 1 left on base; Rocky Mount 0 - Kinston 1 |
TOP OF THE 3RD |
Rocky Mount Leafs batting - Pitching for Kinston Eagles : RHP Adriano Calhau
|
Batting: RHB Alex Sanchez
|
0-0: Foul Ball, location: 2F 0-1: Fly out, F7 (Flyball, 7LM, EV 71.3 MPH)
|
Batting: LHB Larry Ray
|
0-0: Ball 1-0: Called Strike 1-1: Ball 2-1: Foul Ball, location: 2F 2-2: SINGLE (Line Drive, 9LS, EV 111.3 MPH)
|
Batting: RHB Joseph Scherger
|
0-0: Ball 1-0: Swinging Strike 1-1: Ball 2-1: Fly out, F9 (Flyball, 9D, EV 106.3 MPH)
|
Batting: RHB Glen Bockhorn
|
0-0: Ball Larry Ray steals 2nd base 1-0: Swinging Strike 1-1: Ball 2-1: Foul Ball, location: 2F 2-2: Fly out, F8 (Flyball, 8RXD, EV 86.3 MPH)
|
Top of the 3rd over - 0 runs, 1 hit, 0 errors, 1 left on base; Rocky Mount 0 - Kinston 1 |
BOTTOM OF THE 3RD |
Kinston Eagles batting - Pitching for Rocky Mount Leafs : RHP Luis Machado
|
Batting: RHB Butch Davis
|
0-0: Fly out, F8 (Line Drive, 8LM, EV 88.1 MPH)
|
Batting: RHB Carlos Ponce
|
0-0: Foul Ball, location: 2F 0-1: Fly out, F6 (Flyball, 56D, EV 80.6 MPH)
|
Batting: RHB Tony Incaviglia
|
0-0: Ball 1-0: Called Strike 1-1: Ball 2-1: SINGLE (Line Drive, 4MD, EV 103.8 MPH)
|
Batting: RHB Juan Perez
|
0-0: SINGLE (Flyball, 9S, EV 98.8 MPH) Tony Incaviglia to second Runner from 2nd tries for 3rd, SAFE, throw by RF made to third
|
Batting: RHB Alfredo Aceves
|
0-0: SINGLE (Groundball, 4MD, EV 95.0 MPH) Tony Incaviglia scores Juan Perez to second Runner from 2nd tries for 3rd, SAFE, no throw by CF
|
Batting: RHB Guadalupe Garcia
|
0-0: Ball 1-0: Called Strike 1-1: Ball 2-1: Ball 3-1: Base on Balls Alfredo Aceves to second
|
Batting: LHB Randall Curtis
|
0-0: Ball 1-0: Ball 2-0: Ball 3-0: Called Strike 3-1: SINGLE (Line Drive, 8RS, EV 96.3 MPH) Juan Perez scores Alfredo Aceves to third Guadalupe Garcia to second Runner from 3rd tries for Home, SAFE, throw by CF to home
|
Batting: RHB Jose Valdez
|
0-0: Called Strike 0-1: Foul Ball, location: 2F 0-2: Ball 1-2: Strikes out looking
|
Bottom of the 3rd over - 3 runs, 4 hits, 0 errors, 2 left on base; Rocky Mount 0 - Kinston 4 |
TOP OF THE 4TH |
Rocky Mount Leafs batting - Pitching for Kinston Eagles : RHP Adriano Calhau
|
Batting: RHB Sergio Loya
|
0-0: Ground out 6-3 (Groundball, 6, EV 83.8 MPH)
|
Batting: RHB Ricardo Villasenor
|
0-0: Foul Ball, location: 2F 0-1: Called Strike 0-2: Strikes out swinging
|
Batting: RHB Todd Cruz
|
0-0: Ball 1-0: Foul Ball, location: 2F 1-1: Foul Ball, location: 2F 1-2: Ball 2-2: Foul Ball, location: 2F 2-2: SINGLE (Flyball, 89M, EV 95.6 MPH)
|
Batting: RHB Emmanuel Sanchez
|
0-0: Ball 1-0: Foul Ball, location: 2F 1-1: Fielders Choice at 2nd, 5-4 (Groundball, 5, EV 91.9 MPH)
|
Top of the 4th over - 0 runs, 1 hit, 0 errors, 1 left on base; Rocky Mount 0 - Kinston 4 |
BOTTOM OF THE 4TH |
Kinston Eagles batting - Pitching for Rocky Mount Leafs : RHP Luis Machado
|
Batting: LHB Jeffrey Wilson
|
0-0: Ball 1-0: Ball 2-0: Foul Ball, location: 2F 2-1: Foul Ball, location: 2F 2-2: Fly out, F4 (Flyball, 4MD, EV 91.3 MPH)
|
Batting: RHB Butch Davis
|
0-0: Ball 1-0: Ground out 4-3 (Groundball, 4, EV 105.0 MPH)
|
Batting: RHB Carlos Ponce
|
0-0: Ground out 4-3 (Groundball, 4, EV 103.8 MPH)
|
Bottom of the 4th over - 0 runs, 0 hits, 0 errors, 0 left on base; Rocky Mount 0 - Kinston 4 |
TOP OF THE 5TH |
Rocky Mount Leafs batting - Pitching for Kinston Eagles : RHP Adriano Calhau
|
Batting: LHB Oscar Ramirez
|
0-0: Ball 1-0: Called Strike 1-1: Ball 2-1: Foul Ball, location: 2F 2-2: Ball 3-2: Fly out, F9 (Flyball, 9D, EV 96.9 MPH)
|
Batting: RHB Alex Sanchez
|
0-0: Ball 1-0: Ball 2-0: Called Strike 2-1: Ball 3-1: Foul Ball, location: 2F 3-2: Foul Ball, location: 2F 3-2: Foul Ball, location: 2F 3-2: Foul Ball, location: 2F 3-2: Fly out, F8 (Line Drive, 8LM, EV 97.5 MPH)
|
Batting: LHB Larry Ray
|
0-0: Called Strike 0-1: Swinging Strike 0-2: Ball 1-2: Ball 2-2: Foul Ball, location: 2F 2-2: Strikes out swinging
|
Top of the 5th over - 0 runs, 0 hits, 0 errors, 0 left on base; Rocky Mount 0 - Kinston 4 |
BOTTOM OF THE 5TH |
Kinston Eagles batting - Pitching for Rocky Mount Leafs : RHP Luis Machado
|
Batting: RHB Tony Incaviglia
|
0-0: Called Strike 0-1: Swinging Strike 0-2: Ball 1-2: Ball 2-2: Foul Ball, location: 2F 2-2: Ball 3-2: Ground out 5-3 (Groundball, 5, EV 84.4 MPH)
|
Batting: RHB Juan Perez
|
0-0: Called Strike 0-1: Swinging Strike 0-2: DOUBLE (Line Drive, 7LS, EV 98.1 MPH)
|
Batting: RHB Alfredo Aceves
|
0-0: Called Strike 0-1: Foul Ball, location: 2F 0-2: Strikes out looking
|
Batting: RHB Guadalupe Garcia
|
0-0: Ground out 5-3 (Groundball, 56S, EV 72.5 MPH)
|
Bottom of the 5th over - 0 runs, 1 hit, 0 errors, 1 left on base; Rocky Mount 0 - Kinston 4 |
TOP OF THE 6TH |
Rocky Mount Leafs batting - Pitching for Kinston Eagles : RHP Adriano Calhau
|
Batting: RHB Joseph Scherger
|
0-0: Called Strike 0-1: Foul Ball, location: 2F 0-2: Ball 1-2: Ball 2-2: Ball 3-2: Fly out, F8 (Flyball, 89D, EV 95.0 MPH)
|
Batting: RHB Glen Bockhorn
|
0-0: Fly out, F7 (Flyball, 78M, EV 71.3 MPH)
|
Batting: RHB Sergio Loya
|
0-0: Foul Ball, location: 2F 0-1: Ball 1-1: Called Strike 1-2: SINGLE (Groundball, 56S, EV 65.6 MPH) (infield hit)
|
Batting: RHB Ricardo Villasenor
|
0-0: Ball 1-0: DOUBLE (Line Drive, 89D, EV 107.5 MPH) Sergio Loya to third Runner from 3rd tries for Home, SAFE, throw by CF to trailing runner, SAFE at third!
|
Batting: RHB Todd Cruz
|
0-0: DOUBLE (Flyball, 78D, EV 101.3 MPH) Ricardo Villasenor scores
|
Batting: RHB Emmanuel Sanchez
|
0-0: SINGLE (Line Drive, 6M, EV 108.8 MPH) Todd Cruz to third Runner from 3rd tries for Home, SAFE, throw by CF to home Emmanuel Sanchez to second
|
Batting: LHB Oscar Ramirez
|
0-0: Foul Ball, location: 2F 0-1: Foul Ball, location: 2F 0-2: Ball 1-2: Ball 2-2: Ball 3-2: Base on Balls
|
Batting: RHB Alex Sanchez
|
0-0: Called Strike 0-1: Called Strike 0-2: Ball 1-2: Hit by Pitch Emmanuel Sanchez to third Oscar Ramirez to second
|
Batting: LHB Larry Ray
|
0-0: Ball 1-0: Ground out 4-3 (Groundball, 34, EV 105.6 MPH)
|
Top of the 6th over - 3 runs, 4 hits, 0 errors, 3 left on base; Rocky Mount 3 - Kinston 4 |
BOTTOM OF THE 6TH |
Kinston Eagles batting - Pitching for Rocky Mount Leafs : RHP Luis Machado
|
Batting: LHB Randall Curtis
|
0-0: Ball 1-0: Ball 2-0: Ground out 4-3 (Groundball, 4, EV 105.6 MPH)
|
Batting: RHB Jose Valdez
|
0-0: Ball 1-0: Ball 2-0: Fly out, F8 (Flyball, 8RS, EV 85.0 MPH)
|
Batting: LHB Jeffrey Wilson
|
0-0: Called Strike 0-1: Called Strike 0-2: Foul Ball, location: 2F 0-2: Strikes out swinging
|
Bottom of the 6th over - 0 runs, 0 hits, 0 errors, 0 left on base; Rocky Mount 3 - Kinston 4 |
TOP OF THE 7TH |
Rocky Mount Leafs batting - Pitching for Kinston Eagles : RHP Adriano Calhau
|
Batting: RHB Joseph Scherger
|
0-0: Called Strike 0-1: Ball 1-1: Ball 2-1: Ball 3-1: Foul Ball, location: 2F 3-2: Base on Balls
|
Batting: RHB Glen Bockhorn
|
0-0: Called Strike 0-1: Foul Ball, location: 2F 0-2: Strikes out looking
|
Batting: RHB Sergio Loya
|
0-0: Swinging Strike 0-1: Ball 1-1: Ball 2-1: Foul Ball, location: 2F 2-2: 2-RUN HOME RUN (Flyball, 78XD, EV 97.5 MPH), Distance : 421 ft
|
Batting: RHB Ricardo Villasenor
|
0-0: Called Strike 0-1: Ball 1-1: Ball 2-1: Foul Ball, location: 2F 2-2: Ball 3-2: Foul Ball, location: 2F 3-2: Base on Balls
|
Pitching: RHP Andrew Adams
|
|
Batting: RHB Todd Cruz
|
0-0: Ball 1-0: Ball 2-0: Ball 3-0: Called Strike 3-1: Reached on error, E5 (Groundball, 5, EV 80.6 MPH) Ricardo Villasenor to second
|
Batting: RHB Emmanuel Sanchez
|
0-0: Ball 1-0: Foul Ball, location: 2F 1-1: Ball 2-1: Foul Ball, location: 2F 2-2: Ground out 6-3 (Groundball, 6S, EV 69.4 MPH) Ricardo Villasenor to third Todd Cruz to second
|
Batting: LHB Oscar Ramirez
|
0-0: Ball 1-0: Swinging Strike 1-1: Ball 2-1: Foul Ball, location: 2F 2-2: Foul Ball, location: 2F 2-2: Ball 3-2: Base on Balls
|
Batting: RHB Alex Sanchez
|
0-0: Ball 1-0: Ball 2-0: Foul Ball, location: 2F 2-1: Ball 3-1: Foul Ball, location: 2F 3-2: SINGLE (Groundball, 34D, EV 95.6 MPH) Ricardo Villasenor scores Todd Cruz to third Oscar Ramirez to second Todd Cruz scores Oscar Ramirez to third
|
Batting: LHB Larry Ray
|
0-0: Ground out 4-3 (Groundball, 34, EV 100.6 MPH)
|
Top of the 7th over - 4 runs, 2 hits, 1 error, 2 left on base; Rocky Mount 7 - Kinston 4 |
BOTTOM OF THE 7TH |
Kinston Eagles batting - Pitching for Rocky Mount Leafs : RHP Luis Machado
|
Batting: RHB Butch Davis
|
0-0: Called Strike 0-1: Fly out, F8 (Flyball, 8LXD, EV 88.8 MPH)
|
Batting: RHB Carlos Ponce
|
0-0: Foul Ball, location: 2F 0-1: Ball 1-1: Foul Ball, location: 2F 1-2: Ball 2-2: Ball 3-2: Strikes out swinging
|
Batting: RHB Tony Incaviglia
|
0-0: Ball 1-0: Ball 2-0: Foul Ball, location: 2F 2-1: Foul Ball, location: 2F 2-2: Ball 3-2: Foul Ball, location: 2F 3-2: Foul Ball, location: 2F 3-2: Base on Balls
|
Batting: RHB Juan Perez
|
0-0: Ball 1-0: Ball 2-0: Ball 3-0: Base on Balls Tony Incaviglia to second
|
Batting: RHB Alfredo Aceves
|
0-0: Called Strike 0-1: Fielders Choice at 2nd, 5-4 (Groundball, 56, EV 86.9 MPH)
|
Bottom of the 7th over - 0 runs, 0 hits, 0 errors, 2 left on base; Rocky Mount 7 - Kinston 4 |
TOP OF THE 8TH |
Rocky Mount Leafs batting - Pitching for Kinston Eagles : RHP Andrew Adams
|
Batting: RHB Joseph Scherger
|
0-0: Ball 1-0: Ball 2-0: Called Strike 2-1: Called Strike 2-2: Foul Ball, location: 2F 2-2: Reached on error, E6 (Groundball, 6MS, EV 91.9 MPH)
|
Batting: RHB Glen Bockhorn
|
0-0: Ball 1-0: Fly out, F6 (Flyball, 56D, EV 88.1 MPH)
|
Batting: RHB Sergio Loya
|
0-0: Swinging Strike 0-1: Ground out 6-3 (Groundball, 6MS, EV 76.9 MPH) Joseph Scherger to second
|
Batting: RHB Ricardo Villasenor
|
0-0: Ball 1-0: Fly out, F7 (Flyball, 7, EV 92.5 MPH)
|
Top of the 8th over - 0 runs, 0 hits, 1 error, 1 left on base; Rocky Mount 7 - Kinston 4 |
BOTTOM OF THE 8TH |
Kinston Eagles batting - Pitching for Rocky Mount Leafs : RHP Luis Machado
|
Batting: RHB Guadalupe Garcia
|
0-0: Ground out 4-3 (Groundball, 4, EV 88.1 MPH)
|
Batting: LHB Randall Curtis
|
0-0: Ball 1-0: Ball 2-0: Fly out, F8 (Flyball, 89D, EV 106.3 MPH)
|
Batting: RHB Jose Valdez
|
0-0: Ball 1-0: Foul Ball, location: 2F 1-1: DOUBLE (Flyball, 89XD, EV 103.8 MPH)
|
Batting: LHB Jeffrey Wilson
|
0-0: Ball 1-0: Foul Ball, location: 2F 1-1: Foul Ball, location: 2F 1-2: Ball 2-2: SINGLE (Groundball, 3D, EV 105.0 MPH) Jose Valdez to third Runner from 3rd tries for Home, SAFE, throw by RF to home
|
Pitching: RHP Edgar Cruz
|
|
Batting: RHB Butch Davis
|
0-0: Foul Ball, location: 2F 0-1: Ball 1-1: Ground out 6-3 (Groundball, 6MS, EV 81.3 MPH)
|
Bottom of the 8th over - 1 run, 2 hits, 0 errors, 1 left on base; Rocky Mount 7 - Kinston 5 |
TOP OF THE 9TH |
Rocky Mount Leafs batting - Pitching for Kinston Eagles : RHP Andrew Adams
|
Pitching: RHP Tommy Alexander
|
|
Batting: RHB Todd Cruz
|
0-0: Ball 1-0: Ground out 6-3 (Groundball, P, EV 81.9 MPH)
|
Batting: RHB Emmanuel Sanchez
|
0-0: Called Strike 0-1: Called Strike 0-2: Ball 1-2: Foul Ball, location: 2F 1-2: Ball 2-2: Ball 3-2: Base on Balls
|
Batting: LHB Oscar Ramirez
|
0-0: Ball 1-0: Ball 2-0: Ball 3-0: Base on Balls Emmanuel Sanchez to second
|
Batting: RHB Alex Sanchez
|
0-0: Ball Emmanuel Sanchez is caught stealing 3rd base 2-5 1-0: Called Strike 1-1: Ball 2-1: Ground out 4-3 (Groundball, 4, EV 86.3 MPH)
|
Top of the 9th over - 0 runs, 0 hits, 0 errors, 1 left on base; Rocky Mount 7 - Kinston 5 |
BOTTOM OF THE 9TH |
Kinston Eagles batting - Pitching for Rocky Mount Leafs : RHP Edgar Cruz
|
Batting: RHB Carlos Ponce
|
0-0: Ground out 3-1 (Groundball, 34S, EV 67.5 MPH)
|
Batting: RHB Tony Incaviglia
|
0-0: Called Strike 0-1: DOUBLE (Line Drive, 9LM, EV 101.3 MPH)
|
Pinch Hitting: LHB Eric Peyton
|
0-0: Ball 1-0: Foul Ball, location: 2F 1-1: Ball 2-1: Ground out 6-3 (Groundball, 6M, EV 82.5 MPH) Tony Incaviglia to third
|
Batting: RHB Alfredo Aceves
|
0-0: Foul Ball, location: 2F 0-1: Ground out 6-3 (Groundball, 6, EV 87.5 MPH)
|
Bottom of the 9th over - 0 runs, 1 hit, 0 errors, 1 left on base; Rocky Mount 7 - Kinston 5 |
|